 Dungeon Crawl Stone Soup version 0.22.0-38-g04b72b8c25 (webtiles) character file.

310 Jynx the Chiller (level 6, -8/41 HPs)
             Began as a Merfolk Ice Elementalist on Aug 30, 2018.
             Mangled by an ice beast (13 damage)
             ... on level 4 of the Dungeon.
             The game lasted 00:07:21 (4112 turns).

Jynx the Chiller (Merfolk Ice Elementalist)         Turns: 4112, Time: 00:07:21

Health: -8/41      AC:  4    Str:  8    XL:     6   Next: 41%
Magic:  20/20      EV: 13    Int: 16    God:
Gold:   277        SH:  0    Dex: 15    Spells: 8/12 levels left

rFire    . . .     SeeInvis .   e - +0 dagger
rCold    . . .     Gourm    .   (no shield)
rNeg     . . .     Faith    .   a - +0 robe
rPois    .         Spirit   .   k - +0 helmet
rElec    .         Reflect  .   (no cloak)
rCorr    .         Harm     .   g - +0 pair of gloves
MR       .....                  (no boots)
Stlth    ++........             (no amulet)
HPRegen  0.13/turn              v - ring of magical power
MPRegen  0.17/turn              (no ring)

@: about to teleport
A: change form in water, swift swim, stealthy swim
a: no special abilities


You were on level 4 of the Dungeon.
You were hungry.

You visited 1 branch of the dungeon, and saw 5 of its levels.

You collected 277 gold pieces.

Inventory:

Hand Weapons
 e - a +0 dagger (weapon)
Armour
 a - a +0 robe (worn)
 g - a +0 pair of gloves (worn)
 k - a +0 helmet (worn)
Jewellery
 v - a ring of magical power (left hand)
Wands
 o - a wand of digging (10)
Scrolls
 d - a scroll of identify
 r - 2 scrolls of amnesia
 s - a scroll of remove curse {unknown}
 t - a scroll of fog {unknown}
 w - 2 scrolls of enchant armour {unknown}
Potions
 b - 2 potions of ambrosia
 f - a potion of resistance
 h - a potion of invisibility
 i - a potion of might {unknown}
 j - 2 potions of degeneration {unknown}
 n - 2 potions of berserk rage {unknown}
 p - a potion of brilliance {unknown}
 x - a potion of lignification {unknown}
Comestibles
 c - 7 rations


   Skills:
 * Level 2.1 Short Blades
 - Level 2.6 Dodging
 - Level 2.1 Stealth
 + Level 3.6 Spellcasting
   Level 0.7 Conjurations
 * Level 6.3 Ice Magic


You had 8 spell levels left.
You knew the following spells:

 Your Spells              Type           Power        Failure   Level  Hunger
a - Freeze                Ice            ###.         1%          1    None
b - Ozocubu's Armour      Chrm/Ice       ##......     14%         3    ###....

Your spell library contained the following spells:

 Spells                   Type           Power        Failure   Level  Hunger
 Throw Frost              Conj/Ice       ##....       6%          2    ##.....
 Throw Icicle             Conj/Ice       ##......     38%         4    ####...
 Summon Ice Beast         Ice/Summ       ##......     43%         4    ####...


Dungeon Overview and Level Annotations

Branches:
Dungeon (5/15)
 Temple: D:4-7

Altars:
Dithmenos
Elyvilon
Ru


Message History

There is a stone staircase leading down here.
There is a stone staircase leading down here.
As you read the scroll labeled ORUKUFFERY, it crumbles to dust.
You hear a loud clanging noise!
It was a scroll of noise.
The ice beast closely misses you.
As you read the scroll labeled BUUHUS REONUIP, it crumbles to dust.
You feel aware of your surroundings.
It was a scroll of magic mapping.
The ice beast hits you. The ice beast freezes you!
* * * LOW HITPOINT WARNING * * *
As you read the scroll labeled BYOCWO QOYS, it crumbles to dust.
It is a scroll of amnesia.
Okay, then.
The ice beast hits you but does no damage.
Unknown command.
As you read the scroll labeled QEOZIE QAOPLIE, it crumbles to dust.
You feel strangely unstable.
It was a scroll of teleportation.
The ice beast hits you.
* * * LOW HITPOINT WARNING * * *
The ice beast freezes you!
You die...

##### #######...# ###
#.......#.#######)######
#.......Y.[......#.[....
#..##.#@.########)##....
#..#..#..# ####.##.
#.>#.##..#*********#.##.
#..#.##..#*,,,,,,,##.#..
#....>...#*,,,,.,,#.....
####.#####*,,,..,,#.<#.#
###..## *,,...,,#.....
#...#.####,....,,#.##.#
#..###.#.#..)..,,#.##.#


You could see an ice beast.

Vanquished Creatures
  An orc priest (D:4)
  A hound (D:5)
  Natasha (twice) (D:2)
  An orc wizard (D:4)
  A hound skeleton (D:4)
  4 gnolls
  5 adders
  An adder zombie (D:4)
  A worm (D:2)
  2 dart slugs (D:1)
  2 leopard geckos
  6 orcs (D:4)
  4 bats (D:1)
  A giant cockroach (D:2)
  6 goblins
  6 hobgoblins
  11 jackals
  A kobold (D:1)
  2 ball pythons (D:1)
  7 frilled lizards
  8 rats
73 creatures vanquished.

Notes
Turn   | Place    | Note
-------+----------+-------------------------------------------
     0 | D:1      | Jynx the Merfolk Ice Elementalist began the quest for the Orb.
     0 | D:1      | Reached XP level 1. HP: 13/13 MP: 3/3
   113 | D:1      | Reached XP level 2. HP: 6/19 MP: 0/5
   572 | D:1      | Reached skill level 4 in Ice Magic
   739 | D:1      | Reached XP level 3. HP: 21/24 MP: 4/6
  1141 | D:2      | Found a white marble altar of Elyvilon.
  1349 | D:2      | Reached XP level 4. HP: 30/30 MP: 5/8
  1511 | D:2      | Reached skill level 5 in Ice Magic
  1779 | D:2      | Noticed Natasha
  1791 | D:2      | Killed Natasha
  1791 | D:2      | Reached XP level 5. HP: 23/35 MP: 3/9
  2098 | D:2      | Noticed Natasha
  2103 | D:2      | Killed Natasha
  2455 | D:3      | Found a shadowy altar of Dithmenos.
  2697 | D:3      | Found a sacrificial altar of Ru.
  3375 | D:4      | Reached skill level 1 in Short Blades
  3375 | D:4      | Reached skill level 6 in Ice Magic
  3375 | D:4      | Reached XP level 6. HP: 18/41 MP: 11/11
  3877 | D:4      | Noticed an ice beast
  3892 | D:5      | Entered Level 5 of the Dungeon
  4042 | D:5      | Learned a level 3 spell: Ozocubu's Armour
  4112 | D:4      | Mangled by an ice beast

Skill      XL: |  1  2  3  4  5  6 |
---------------+-------------------+-----
Ice Magic      | 4 5 6 |  6.3
Spellcasting   | 3 |  3.6
Short Blades   | 1 2 |  2.1
Dodging        | |  2.6
Stealth        | |  2.1
Conjurations   | |  0.7

Action                   |  1- 3 |  4- 6 || total
-------------------------+-------+-------++-------
Melee: Unarmed           |     9 |       ||     9
       Dagger            |    85 |    73 ||   158
 Cast: Freeze            |    27 |    68 ||    95
       Ozocubu's Armour  |       |     1 ||     1
  Use: Scroll            |     1 |     7 ||     8
 Stab: Sleeping          |     2 |     5 ||     7
  Eat: Chunk             |     2 |     8 ||    10
Armor: Robe              |    26 |    27 ||    53
Dodge: Dodged            |    87 |    78 ||   165
